General information
- name: BNet
- type: Ladder team game (AT/RT)
- host: Battle.net
- saver: BRUCEWILLISUSA
map: FullScaleAssault
- players: 8
- length: 32:34
- speed: Fast
- version: 1.24 W3XP
- replay type: Public
» download(251 KB)
Players
team 1 (winner)
BRUCEWILLISUSA (
pink | 67 APM | 2183 actions | 32:34)
9 Pandaren Brewmaster
3 Breath of Fire
3 Drunken Brawler
1 Storm Earth and Fire
2 Drunken Haze
1 Goblin Alchemist
1 Acid Bomb
» actions
| Assign group hotkey | 64 | |
| Basic commands | 45 | |
| Build / train | 139 | |
| ESC pressed | 7 | |
| Enter build submenu | 72 | |
| Enter hero's abilities submenu | 11 | |
| Right click | 888 | |
| Select / deselect | 358 | |
| Select group hotkey | 406 | |
| Use ability | 193 | |
2183 total
» units
| Peasant | 28 | |
| Goblin Shredder | 4 | |
| Sorceress | 1 | |
| Goblin Zeppelin | 1 | |
| Gryphon Rider | 8 | |
42 total
» upgrades
| Masonry | 3 | |
| Magic Sentry | 1 | |
| Lumber Harvesting | 2 | |
| Plating | 2 | |
| Gunpowder | 1 | |
| Sorceress Training | 1 | |
| Swords | 2 | |
| Armor | 2 | |
| Storm Hammers | 1 | |
15 total
» buildings
| Altar of Kings | 1 | |
| Farm | 11 | |
| Lumber Mill | 1 | |
| Scout Tower | 79 | |
| Arcane Tower | 5 | |
| Keep | 1 | |
| Town Hall | 3 | |
| Guard Tower | 45 | |
| Arcane Sanctum | 1 | |
| Castle | 1 | |
| Arcane Vault | 1 | |
| Blacksmith | 1 | |
| Gryphon Aviary | 4 | |
154 total
» build order
00:11 Altar of Kings
00:14 Farm
00:44 Farm
01:23 Lumber Mill
01:32 Farm
02:04 Scout Tower
02:33 Arcane Tower
02:42 Scout Tower
03:21 Scout Tower
03:31 Arcane Tower
03:50 Arcane Tower
03:59 Keep
05:02 Scout Tower
05:04 Town Hall
05:06 Scout Tower
05:36 Arcane Tower
05:38 Scout Tower
06:20 Guard Tower
06:20 Guard Tower
06:31 Scout Tower
06:34 Scout Tower
06:50 Scout Tower
06:51 Scout Tower
07:00 Arcane Sanctum
07:06 Guard Tower
07:21 Guard Tower
07:23 Guard Tower
07:28 Scout Tower
07:29 Scout Tower
07:32 Scout Tower
07:35 Scout Tower
07:42 Scout Tower
07:43 Scout Tower
08:01 Castle
08:27 Guard Tower
08:34 Guard Tower
08:42 Guard Tower
08:45 Scout Tower
08:45 Scout Tower
08:48 Scout Tower
08:48 Scout Tower
08:52 Scout Tower
08:52 Scout Tower
09:01 Guard Tower
09:18 Guard Tower
09:18 Guard Tower
09:21 Arcane Vault
09:28 Guard Tower
09:41 Scout Tower
09:41 Scout Tower
09:46 Scout Tower
10:10 Arcane Tower
10:15 Scout Tower
10:17 Guard Tower
10:26 Scout Tower
10:27 Scout Tower
10:28 Scout Tower
10:29 Scout Tower
10:36 Scout Tower
10:36 Scout Tower
10:39 Guard Tower
10:41 Scout Tower
10:42 Scout Tower
10:43 Scout Tower
10:44 Scout Tower
10:54 Guard Tower
10:55 Guard Tower
10:58 Scout Tower
10:58 Scout Tower
11:13 Guard Tower
11:29 Guard Tower
11:31 Guard Tower
11:31 Guard Tower
11:33 Blacksmith
11:36 Guard Tower
11:38 Scout Tower
11:38 Scout Tower
11:47 Guard Tower
11:53 Farm
11:57 Guard Tower
11:58 Scout Tower
11:59 Scout Tower
11:59 Scout Tower
12:00 Scout Tower
12:29 Guard Tower
12:29 Guard Tower
12:36 Guard Tower
12:53 Guard Tower
12:55 Scout Tower
12:55 Scout Tower
12:56 Scout Tower
12:56 Scout Tower
12:59 Scout Tower
12:59 Scout Tower
13:32 Guard Tower
13:40 Scout Tower
13:40 Scout Tower
13:41 Scout Tower
13:41 Scout Tower
13:47 Guard Tower
14:40 Guard Tower
14:43 Scout Tower
14:44 Scout Tower
15:06 Guard Tower
15:10 Scout Tower
15:10 Scout Tower
15:13 Guard Tower
15:16 Scout Tower
15:17 Scout Tower
15:18 Scout Tower
15:19 Scout Tower
15:42 Scout Tower
15:42 Scout Tower
15:43 Scout Tower
15:58 Guard Tower
16:40 Guard Tower
17:09 Guard Tower
19:02 Scout Tower
19:03 Scout Tower
19:03 Scout Tower
19:04 Scout Tower
19:04 Scout Tower
19:05 Scout Tower
19:06 Scout Tower
19:46 Guard Tower
20:09 Guard Tower
20:13 Scout Tower
20:14 Scout Tower
20:15 Scout Tower
20:15 Scout Tower
20:17 Scout Tower
20:17 Scout Tower
20:35 Guard Tower
20:38 Scout Tower
21:02 Guard Tower
21:44 Gryphon Aviary
21:44 Gryphon Aviary
21:45 Gryphon Aviary
21:45 Gryphon Aviary
21:53 Guard Tower
21:55 Farm
21:55 Farm
21:57 Farm
21:59 Farm
21:59 Farm
22:00 Farm
23:57 Town Hall
28:16 Town Hall
» items
| Boots of Speed | 1 | |
| Staff of Teleportation | 1 | |
| Scroll of Town Portal | 6 | |
| Tiny Great Hall | 1 | |
| Orb of Lightning | 1 | |
| Lesser Clarity Potion | 2 | |
| Scroll of Regeneration | 1 | |
| Potion of Healing | 1 | |
| Healing Salve | 1 | |
| Scroll of Healing | 1 | |
16 total

»
Nightplayer (
purple | 47 APM | 1310 actions | 28:00)
4 Goblin Alchemist
2 Acid Bomb
2 Healing Spray
» actions
| Assign group hotkey | 33 | |
| Basic commands | 10 | |
| Build / train | 87 | |
| Enter build submenu | 32 | |
| Enter hero's abilities submenu | 4 | |
| Give item / drop item | 2 | |
| Right click | 624 | |
| Select / deselect | 302 | |
| Select group hotkey | 157 | |
| Use ability | 59 | |
1310 total
» units
| Peasant | 12 | |
| Footman | 5 | |
| Gryphon Rider | 7 | |
| Flying Machine | 9 | |
| Siege Engine | 13 | |
| Knight | 8 | |
54 total
» upgrades
| Lumber Harvesting | 2 | |
| Storm Hammers | 1 | |
| Animal War Training | 1 | |
| Flak Cannons | 1 | |
| Flying Machine Bombs | 1 | |
| Swords | 1 | |
| Gunpowder | 3 | |
| Barrage | 1 | |
| Plating | 3 | |
14 total
» buildings
| Farm | 12 | |
| Altar of Kings | 1 | |
| Barracks | 2 | |
| Lumber Mill | 1 | |
| Keep | 1 | |
| Arcane Vault | 1 | |
| Blacksmith | 2 | |
| Scout Tower | 7 | |
| Guard Tower | 1 | |
| Arcane Tower | 1 | |
| Castle | 1 | |
| Gryphon Aviary | 2 | |
| Workshop | 2 | |
| Town Hall | 2 | |
36 total
» build order
00:13 Farm
00:54 Farm
01:21 Altar of Kings
01:35 Farm
01:38 Barracks
02:16 Farm
02:32 Lumber Mill
02:36 Keep
03:00 Arcane Vault
03:32 Blacksmith
04:08 Scout Tower
04:11 Scout Tower
04:16 Farm
04:44 Guard Tower
04:45 Arcane Tower
05:04 Castle
05:09 Gryphon Aviary
05:14 Gryphon Aviary
05:59 Blacksmith
07:35 Workshop
08:53 Workshop
10:07 Farm
10:09 Farm
10:14 Town Hall
13:33 Scout Tower
13:34 Scout Tower
13:36 Scout Tower
13:37 Scout Tower
13:38 Scout Tower
16:41 Farm
17:25 Farm
18:32 Farm
19:45 Farm
22:36 Barracks
23:37 Farm
27:06 Town Hall
» items
| Orb of Fire | 1 | |
| Scroll of Regeneration | 2 | |
| Potion of Healing | 5 | |
| Lesser Clarity Potion | 1 | |
| Scroll of Town Portal | 1 | |
10 total
sombra93 (
orange | 24 APM | 789 actions | 32:33)
6 Demon Hunter
2 Immolation
3 Evasion
1 Metamorphosis
1 Goblin Alchemist
1 Transmute
» actions
| Basic commands | 3 | |
| Build / train | 72 | |
| Enter build submenu | 23 | |
| Enter hero's abilities submenu | 8 | |
| Remove unit from queue | 2 | |
| Right click | 224 | |
| Select / deselect | 407 | |
| Use ability | 50 | |
789 total
» units
| Wisp | 27 | |
| Archer | 4 | |
| Hippogryph | 19 | |
| Chimaera | 5 | |
55 total
» upgrades
| Strength of the Wild | 3 | |
| Reinforced Hides | 3 | |
| Corrosive Breath | 1 | |
7 total
» buildings
| Altar of Elders | 1 | |
| Moon Well | 10 | |
| Ancient of War | 1 | |
| Hunter's Hall | 1 | |
| Tree of Ages | 1 | |
| Ancient Protector | 2 | |
| Ancient of Wind | 2 | |
| Tree of Eternity | 1 | |
| Tree of Life | 3 | |
| Chimaera Roost | 3 | |
25 total
» build order
00:23 Altar of Elders
00:44 Moon Well
00:49 Ancient of War
02:03 Moon Well
02:49 Hunter's Hall
03:20 Moon Well
04:23 Moon Well
05:48 Moon Well
06:24 Tree of Ages
06:49 Moon Well
07:32 Ancient Protector
07:42 Ancient Protector
08:04 Moon Well
08:49 Ancient of Wind
09:00 Moon Well
09:37 Tree of Eternity
10:13 Moon Well
11:11 Tree of Life
11:23 Moon Well
12:06 Chimaera Roost
12:07 Chimaera Roost
12:08 Chimaera Roost
16:06 Ancient of Wind
16:23 Tree of Life
19:37 Tree of Life
25N0 (
red | 109 APM | 3534 actions | 32:33)
8 Blademaster
3 Wind Walk
3 Critical Strike
1 Bladestorm
1 Mirror Image
5 Tauren Chieftain
2 Endurance Aura
3 Shockwave
» actions
| Assign group hotkey | 20 | |
| Basic commands | 6 | |
| Build / train | 118 | |
| Enter build submenu | 100 | |
| Enter hero's abilities submenu | 13 | |
| Give item / drop item | 13 | |
| Right click | 1605 | |
| Select / deselect | 463 | |
| Select group hotkey | 851 | |
| Use ability | 345 | |
3534 total
» units
| Peon | 45 | |
| Grunt | 4 | |
| Goblin Zeppelin | 4 | |
| Troll Batrider | 24 | |
| Goblin Shredder | 1 | |
78 total
» upgrades
| Spiked Barricades | 3 | |
| Reinforced Defenses | 1 | |
| Liquid Fire | 1 | |
5 total
» buildings
| Orc Burrow | 6 | |
| Altar of Storms | 2 | |
| Barracks | 1 | |
| Voodoo Lounge | 4 | |
| Great Hall | 6 | |
| Stronghold | 3 | |
| War Mill | 1 | |
| Watch Tower | 73 | |
| Fortress | 1 | |
| Beastiary | 4 | |
101 total
» build order
00:20 Orc Burrow
00:35 Altar of Storms
00:50 Barracks
01:35 Orc Burrow
01:57 Voodoo Lounge
04:03 Great Hall
04:36 Orc Burrow
04:37 Stronghold
04:37 Stronghold
04:56 War Mill
06:37 Watch Tower
06:55 Watch Tower
07:11 Fortress
07:48 Watch Tower
07:49 Watch Tower
07:54 Beastiary
08:14 Watch Tower
09:02 Beastiary
09:03 Watch Tower
09:06 Orc Burrow
09:21 Orc Burrow
09:58 Watch Tower
10:14 Beastiary
10:17 Watch Tower
10:19 Watch Tower
10:27 Watch Tower
10:50 Watch Tower
10:55 Watch Tower
11:00 Orc Burrow
11:07 Great Hall
11:41 Watch Tower
12:03 Watch Tower
12:11 Watch Tower
12:32 Watch Tower
12:49 Watch Tower
13:14 Watch Tower
13:28 Watch Tower
13:55 Great Hall
14:16 Watch Tower
15:01 Watch Tower
15:18 Watch Tower
15:24 Watch Tower
20:22 Watch Tower
21:01 Watch Tower
21:02 Watch Tower
21:03 Watch Tower
21:04 Watch Tower
22:04 Watch Tower
22:09 Great Hall
22:11 Watch Tower
22:12 Watch Tower
22:48 Watch Tower
22:48 Watch Tower
22:49 Watch Tower
22:50 Watch Tower
23:44 Watch Tower
23:58 Watch Tower
24:17 Voodoo Lounge
24:18 Watch Tower
24:19 Watch Tower
24:24 Watch Tower
25:00 Beastiary
25:03 Watch Tower
25:16 Watch Tower
25:37 Watch Tower
25:44 Watch Tower
25:45 Watch Tower
25:45 Watch Tower
25:48 Voodoo Lounge
25:51 Watch Tower
26:12 Great Hall
26:33 Watch Tower
26:34 Watch Tower
27:22 Watch Tower
28:20 Watch Tower
28:22 Watch Tower
28:25 Watch Tower
28:25 Watch Tower
29:01 Watch Tower
29:29 Great Hall
29:30 Watch Tower
29:31 Watch Tower
29:32 Watch Tower
30:24 Watch Tower
30:25 Watch Tower
30:28 Watch Tower
30:28 Watch Tower
30:31 Watch Tower
30:33 Voodoo Lounge
30:35 Watch Tower
30:35 Watch Tower
30:37 Watch Tower
31:39 Watch Tower
31:39 Watch Tower
31:40 Watch Tower
32:09 Watch Tower
32:10 Watch Tower
32:21 Altar of Storms
32:22 Stronghold
32:24 Watch Tower
32:32 Watch Tower
» items
| Healing Salve | 3 | |
| Boots of Speed | 2 | |
| Staff of Teleportation | 3 | |
| Orb of Lightning | 2 | |
| Periapt of Vitality | 3 | |
| Scroll of Town Portal | 2 | |
15 total
team 2 (loser)

»
rocketo (
blue | 28 APM | 868 actions | 31:04)
6 Dark Ranger
3 Black Arrow
2 Silence
1 Charm
5 Firelord
3 Summon Lava Spawn
2 Soul Burn
» actions
| Build / train | 84 | |
| ESC pressed | 2 | |
| Enter build submenu | 27 | |
| Enter hero's abilities submenu | 11 | |
| Give item / drop item | 5 | |
| Right click | 283 | |
| Select / deselect | 381 | |
| Use ability | 75 | |
868 total
» units
| Wisp | 31 | |
| Archer | 6 | |
| Hippogryph | 13 | |
| Chimaera | 8 | |
| Blue Dragon | 1 | |
| Goblin Zeppelin | 1 | |
60 total
» upgrades
| Improved Bows | 1 | |
| Hippogryph Taming | 1 | |
| Corrosive Breath | 1 | |
| Strength of the Wild | 2 | |
| Reinforced Hides | 1 | |
| Well Spring | 1 | |
| Vorpal Blades | 1 | |
8 total
» buildings
| Moon Well | 8 | |
| Altar of Elders | 1 | |
| Ancient of War | 2 | |
| Ancient of Wonders | 1 | |
| Tree of Ages | 1 | |
| Hunter's Hall | 1 | |
| Tree of Life | 2 | |
| Ancient of Wind | 2 | |
| Tree of Eternity | 1 | |
| Chimaera Roost | 3 | |
| Ancient Protector | 6 | |
28 total
» build order
00:04 Moon Well
00:10 Altar of Elders
00:39 Ancient of War
01:33 Moon Well
01:53 Ancient of Wonders
02:36 Moon Well
03:21 Tree of Ages
03:28 Hunter's Hall
04:57 Moon Well
05:50 Tree of Life
06:00 Ancient of Wind
06:08 Tree of Eternity
08:40 Chimaera Roost
08:44 Chimaera Roost
08:47 Chimaera Roost
09:02 Ancient Protector
09:32 Ancient Protector
10:36 Moon Well
11:16 Ancient Protector
11:44 Ancient Protector
12:18 Moon Well
12:19 Moon Well
14:29 Moon Well
19:47 Ancient of Wind
24:19 Tree of Life
26:11 Ancient of War
27:08 Ancient Protector
27:14 Ancient Protector
» items

»
pekori (
green | 67 APM | 2186 actions | 32:28)
5 Death Knight
1 Death Coil
1 Death Pact
3 Unholy Aura
» actions
| Basic commands | 30 | |
| Build / train | 94 | |
| Enter build submenu | 24 | |
| Enter hero's abilities submenu | 5 | |
| Give item / drop item | 1 | |
| Right click | 1547 | |
| Select / deselect | 432 | |
| Use ability | 53 | |
2186 total
» units
| Acolyte | 7 | |
| Ghoul | 9 | |
| Frost Wyrm | 11 | |
| Crypt Fiend | 35 | |
| Obsidian Statue | 6 | |
68 total
» upgrades
| Creature Attack | 3 | |
| Creature Carapace | 3 | |
| Freezing Breath | 1 | |
| Web | 1 | |
8 total
» buildings
| Crypt | 3 | |
| Ziggurat | 9 | |
| Graveyard | 2 | |
| Altar of Darkness | 1 | |
| Nerubian Tower | 1 | |
| Halls of the Dead | 1 | |
| Tomb of Relics | 1 | |
| Black Citadel | 1 | |
| Sacrificial Pit | 1 | |
| Boneyard | 4 | |
| Slaughterhouse | 1 | |
25 total
» build order
00:11 Crypt
00:15 Ziggurat
00:41 Graveyard
01:00 Altar of Darkness
01:16 Ziggurat
01:52 Nerubian Tower
02:29 Ziggurat
04:31 Halls of the Dead
05:56 Tomb of Relics
06:06 Graveyard
06:11 Ziggurat
06:15 Ziggurat
06:18 Ziggurat
06:53 Black Citadel
07:01 Sacrificial Pit
08:49 Ziggurat
08:56 Ziggurat
09:01 Ziggurat
09:20 Boneyard
09:25 Boneyard
09:42 Boneyard
09:50 Boneyard
10:22 Slaughterhouse
17:39 Crypt
25:30 Crypt
» items
| Potion of Healing | 3 | |
| Boots of Speed | 1 | |
| Periapt of Vitality | 1 | |
| Potion of Lesser Invulnerability | 1 | |
| Orb of Lightning | 1 | |
| Scroll of Town Portal | 1 | |
| Dust of Appearance | 1 | |
9 total

»
tcwc3 (
yellow | 57 APM | 1854 actions | 32:28)
7 Demon Hunter
2 Immolation
3 Evasion
1 Mana Burn
1 Metamorphosis
7 Keeper of the Grove
3 Thorns Aura
3 Entangling Roots
1 Tranquility
5 Warden
3 Shadow Strike
2 Fan of Knives
» actions
| Assign group hotkey | 1 | |
| Basic commands | 16 | |
| Build / train | 95 | |
| Enter build submenu | 17 | |
| Enter hero's abilities submenu | 19 | |
| Give item / drop item | 4 | |
| Right click | 1213 | |
| Select / deselect | 396 | |
| Use ability | 93 | |
1854 total
» units
| Wisp | 28 | |
| Archer | 6 | |
| Huntress | 4 | |
| Dryad | 12 | |
| Druid of the Claw | 11 | |
61 total
» upgrades
| Strength of the Moon | 1 | |
| Abolish Magic | 1 | |
| Druid of the Claw Training | 2 | |
| Strength of the Wild | 2 | |
| Mark of the Claw | 1 | |
| Reinforced Hides | 1 | |
8 total
» buildings
| Moon Well | 6 | |
| Altar of Elders | 1 | |
| Ancient of War | 1 | |
| Hunter's Hall | 1 | |
| Tree of Ages | 1 | |
| Tree of Life | 2 | |
| Ancient of Lore | 2 | |
| Tree of Eternity | 1 | |
| Ancient Protector | 3 | |
18 total
» build order
00:14 Moon Well
00:21 Altar of Elders
01:03 Ancient of War
01:50 Moon Well
02:51 Moon Well
02:59 Hunter's Hall
03:46 Moon Well
04:58 Tree of Ages
05:34 Moon Well
06:38 Tree of Life
07:34 Ancient of Lore
08:00 Ancient of Lore
10:41 Tree of Eternity
13:40 Moon Well
26:49 Tree of Life
28:00 Ancient Protector
28:08 Ancient Protector
28:12 Ancient Protector
ME_MASS_BATS (
teal | 88 APM | 2857 actions | 32:32)
6 Blademaster
3 Wind Walk
2 Critical Strike
1 Bladestorm
» actions
| Assign group hotkey | 13 | |
| Basic commands | 1 | |
| Build / train | 59 | |
| Enter build submenu | 15 | |
| Enter hero's abilities submenu | 6 | |
| Give item / drop item | 3 | |
| Remove unit from queue | 1 | |
| Right click | 1252 | |
| Select / deselect | 233 | |
| Select group hotkey | 1095 | |
| Use ability | 179 | |
2857 total
» units
» upgrades
| Ranged Weapons | 3 | |
| Liquid Fire | 1 | |
4 total
» buildings
| Altar of Storms | 1 | |
| Orc Burrow | 5 | |
| Voodoo Lounge | 1 | |
| Stronghold | 1 | |
| Beastiary | 4 | |
| Fortress | 1 | |
| War Mill | 1 | |
| Great Hall | 1 | |
15 total
» build order
00:11 Altar of Storms
00:15 Orc Burrow
01:04 Voodoo Lounge
01:26 Orc Burrow
01:43 Orc Burrow
03:17 Stronghold
05:42 Beastiary
05:43 Beastiary
05:44 Beastiary
05:47 Beastiary
06:12 Fortress
07:38 War Mill
08:31 Orc Burrow
08:32 Orc Burrow
31:00 Great Hall
» items
| Healing Salve | 3 | |
| Lesser Clarity Potion | 10 | |
| Boots of Speed | 1 | |
| Staff of Teleportation | 1 | |
| Orb of Lightning | 2 | |
| Scroll of Town Portal | 1 | |
18 total
Chat log
(00:05 / Allies) sombra93: hi
(00:14 / Allies) sombra93: plan?
(00:18 / Allies) 25N0: win
(00:25 / Allies) 25N0: anti air here
(00:28 / Allies) sombra93: dont be a n00b rly
(00:30 / Allies) BRUCEWILLISUSA: TOWERING THE CHOKES
(00:31 / Allies) Nightplayer: air here
(00:39 / Allies) sombra93: pink tower?
(00:40 / Allies) 25N0: lol okkkkkkkay
(00:56 / Allies) sombra93: chims/hippos
(01:17 / Allies) sombra93: pink u gunna tower?
(01:25 / Allies) BRUCEWILLISUSA: INSHALLAH
(01:27 / Allies) Nightplayer: check if teal really mass bats
(01:28 / Allies) 25N0: the choke points
(01:45 / Allies) BRUCEWILLISUSA: WHAT HERO IS good vs bats?
(01:48 / Allies) BRUCEWILLISUSA: panda?
(01:51 / Allies) Nightplayer: panda
(01:52 / Allies) BRUCEWILLISUSA: i guess panda is ok vs bats
(01:54 / Allies) Nightplayer: alchi
(01:59 / Allies) sombra93: y
(02:19 / Allies) sombra93: y bats who got bates
(02:25 / Allies) BRUCEWILLISUSA: enemy name is "me going bats"
(02:25 / Allies) Nightplayer: teal
(02:31 / Allies) 25N0: just play
(02:32 / Allies) 25N0: kids
(02:49 / Allies) Nightplayer: who is the kid red lol?
(02:56 / Allies) 25N0: anyone who talks like these guys
(03:40 / Allies) BRUCEWILLISUSA: REPAIR MY TOWER
(03:47 / Allies) sombra93: cant
(03:50 / Allies) sombra93: wisps cant
(03:51 / Allies) 25N0: YES YOU CAN MORON
(03:53 / Allies) 25N0: YES THEY CNA
(03:53 / Allies) 25N0: IDIOT
(03:55 / Allies) 25N0: DO IT NOW
(03:58 / Allies) Nightplayer: lol
(04:27 / Allies) Nightplayer: lol he is going really bats haha
(04:40 / Allies) Nightplayer: harash bm then bats lol
(04:57 / All) ME_MASS_BATS: how much wisp lost?
(04:58 / All) ME_MASS_BATS: lolz
(05:07 / Allies) 25N0: give me gold
(05:24 / All) ME_MASS_BATS: lol...
(05:41 / Allies) Nightplayer: oj 1,5k gold?
(05:46 / Allies) 25N0: share that oj
(05:51 / Allies) 25N0: i need some
(05:58 / Allies) 25N0: lol 100
(05:59 / Allies) 25N0: come on
(06:09 / Allies) Nightplayer: red come babe
(06:12 / Allies) 25N0: u got it
(06:13 / Allies) sombra93: i gave 200 each
(06:55 / Allies) BRUCEWILLISUSA: THEIR ORC HAS US BY THE BASLLS
(06:56 / Allies) BRUCEWILLISUSA: WE LOST
(07:00 / Allies) 25N0: uh
(07:04 / Allies) 25N0: i hope youa re kidding
(07:07 / Allies) sombra93: ?
(07:24 / All) ME_MASS_BATS: LOL
(07:37 / Allies) BRUCEWILLISUSA: DOTN WASTE GOLD ON EFLF TOWERS
(07:39 / Allies) BRUCEWILLISUSA: TRASH TOWERS
(07:45 / Allies) BRUCEWILLISUSA: DONT
(07:46 / Allies) BRUCEWILLISUSA: WASTE GOLD
(07:47 / Allies) BRUCEWILLISUSA: ON TRASH
(07:53 / Allies) BRUCEWILLISUSA: JUST GIVE IT TIO ME AND ILL MAKE REAL TOWERS
(08:27 / Allies) 25N0: can i have claws
(08:32 / Allies) BRUCEWILLISUSA: IF I LIVE
(08:44 / All) Nightplayer: lol he really mass bats lol
(09:10 / Allies) sombra93: pink 1.7k
(09:16 / Allies) 25N0: share it man
(09:35 / All) Nightplayer: ups
(09:46 / All) ME_MASS_BATS: yep you lost 150 gold ;)
(09:46 / All) Nightplayer: run bitch
(09:48 / All) ME_MASS_BATS: on potion ;)
(09:52 / Allies) 25N0: give me gold and wood
(09:52 / All) ME_MASS_BATS: XD
(09:57 / All) Nightplayer: lol i got 3k gold retard haha
(10:12 / All) ME_MASS_BATS: then you noob^^
(10:21 / All) Nightplayer: ofc im
(10:33 / Allies) sombra93: pink may i?
(10:43 / All) Nightplayer: and u best player massing bats vs tanks)
(10:51 / All) ME_MASS_BATS: yep
(10:51 / Allies) sombra93: pink may i?
(11:23 / Allies) Nightplayer: go attack or waiting for more mass bats??
(11:38 / Allies) 25N0: wood
(11:57 / Allies) 25N0: wood
(11:58 / Allies) Nightplayer: lets attack guys pls
(12:08 / Allies) Nightplayer: gold red pls
(12:08 / Allies) BRUCEWILLISUSA: i call not it
(12:35 / Allies) 25N0: wood
(13:01 / Allies) 25N0: b
(13:18 / Allies) 25N0: wood
(13:22 / Allies) BRUCEWILLISUSA: repair that tower
(13:34 / Allies) BRUCEWILLISUSA: if you try to attack bats
(13:35 / Allies) BRUCEWILLISUSA: with gyros
(13:36 / Allies) BRUCEWILLISUSA: im out
(13:52 / Allies) Nightplayer: bats cant attack gyro lol
(13:55 / Allies) BRUCEWILLISUSA: ..
(14:01 / Allies) Nightplayer: they imune vs bats )
(14:03 / Allies) BRUCEWILLISUSA: trash
(14:07 / Allies) 25N0: they are not
(14:08 / Allies) BRUCEWILLISUSA: you are trash
(14:08 / Allies) 25N0: they just die
(14:09 / Allies) 25N0: easy
(14:11 / Allies) Nightplayer: they are lol
(14:23 / Allies) BRUCEWILLISUSA: immune ?
(14:24 / Allies) BRUCEWILLISUSA: rat?
(14:26 / Allies) BRUCEWILLISUSA: trash?
(14:31 / All) BRUCEWILLISUSA: he thought
(14:33 / All) BRUCEWILLISUSA: gyros were
(14:35 / All) BRUCEWILLISUSA: "immune"
(14:36 / All) BRUCEWILLISUSA: vs bats
(14:38 / All) ME_MASS_BATS: mdr
(14:39 / Allies) Nightplayer: they cant
(14:41 / All) ME_MASS_BATS: muhaaha
(14:42 / Allies) 25N0: he's new just play
(14:45 / Allies) BRUCEWILLISUSA: hes trash
(14:47 / Allies) Nightplayer: he attack gryphons
(14:53 / Allies) sombra93: purp
(14:55 / Allies) sombra93: u got 2k
(14:56 / Allies) Nightplayer: bats cant attack mashine
(14:58 / Allies) sombra93: share
(15:12 / All) ME_MASS_BATS: LOL
(15:13 / Allies) sombra93: purp
(15:16 / Allies) sombra93: share
(15:24 / Allies) sombra93: pink 2.1k
(15:27 / Allies) sombra93: wtf guys
(15:32 / All) ME_MASS_BATS: lol
(15:37 / All) ME_MASS_BATS: so useless
(15:50 / Allies) Nightplayer: lol rd
(16:04 / Allies) BRUCEWILLISUSA: WE JUST LSOT AT BTTOM
(16:05 / Allies) BRUCEWILLISUSA: TP AA
(16:21 / All) ME_MASS_BATS: more towers !
(16:33 / Allies) Nightplayer: wood for tanks
(16:48 / Allies) BRUCEWILLISUSA: U HAVE AA?
(16:49 / Allies) BRUCEWILLISUSA: GO HIT HIS AIR
(16:50 / Allies) BRUCEWILLISUSA: FUCK
(16:51 / Allies) sombra93: ya
(16:52 / Allies) BRUCEWILLISUSA: HE WAS ALONE
(16:54 / Allies) BRUCEWILLISUSA: TEAM OUP THE WYRMS
(16:55 / Allies) BRUCEWILLISUSA: EV1 NOW
(17:01 / All) ME_MASS_BATS: LOL RED
(17:26 / All) ME_MASS_BATS: BOOM
(17:32 / Allies) BRUCEWILLISUSA: HOW CAN YOU LOSE TO MASS AIR
(17:33 / Allies) BRUCEWILLISUSA: AS ORC
(17:34 / Allies) BRUCEWILLISUSA: AND THINK
(17:38 / Allies) BRUCEWILLISUSA: "IM GONNA GO 25 -0"
(17:39 / Allies) BRUCEWILLISUSA: ???
(17:43 / All) ME_MASS_BATS: M
(17:49 / Allies) 25N0: GET COPTERS
(17:50 / Allies) 25N0: AND TANKS
(17:53 / Allies) BRUCEWILLISUSA: VS BATS?
(17:54 / Allies) BRUCEWILLISUSA: HYOURE TRASH
(17:56 / Allies) BRUCEWILLISUSA: 0-25
(18:12 / Allies) Nightplayer: come together attack
(18:23 / Allies) sombra93: w8
(18:24 / Allies) sombra93: w8
(18:28 / Allies) sombra93: kk omw
(19:50 / Allies) Nightplayer: wood
(19:51 / All) rocketo: why green
(20:15 / Allies) Nightplayer: ups
(20:31 / Allies) Nightplayer: meele tanks
(21:20 / Allies) 25N0: TP NOW
(21:25 / Allies) Nightplayer: tp
(21:37 / Allies) BRUCEWILLISUSA: BA
(21:38 / Allies) BRUCEWILLISUSA: CK
(21:40 / Allies) 25N0: TP NOW
(21:42 / Allies) 25N0: WITH FUCKING UNITS
(21:47 / Allies) BRUCEWILLISUSA: LET IT DIE
(21:48 / Allies) BRUCEWILLISUSA: ITS OK
(21:50 / Allies) BRUCEWILLISUSA: WERE NOT DEAD YET
(22:10 / Allies) BRUCEWILLISUSA: \PUMP UNITS HARD ALL
(22:12 / Allies) BRUCEWILLISUSA: CHIMS ETC
(22:12 / Allies) Nightplayer: teal go only hero focus
(22:14 / Allies) BRUCEWILLISUSA: HEAVY DUTY ONES
(22:17 / Allies) sombra93: what do i get
(22:21 / Allies) BRUCEWILLISUSA: CHIMS
(22:37 / Allies) sombra93: gold
(22:43 / Allies) sombra93: pink
(22:46 / Allies) sombra93: ty
(22:54 / Allies) 25N0: HELP
(23:17 / Allies) Nightplayer: pink no unitzs?
(23:27 / Allies) sombra93: damn bats
(23:39 / Allies) BRUCEWILLISUSA: PLAY
(23:40 / Allies) BRUCEWILLISUSA: USE UNITS
(23:41 / Allies) 25N0: FUCKING GET UNITS PINK
(24:00 / Allies) sombra93: tp?
(24:02 / Allies) sombra93: or not
(24:06 / Allies) 25N0: YES RETARD
(24:07 / Allies) 25N0: GO
(25:26 / Allies) Nightplayer: lets attac this time pls
(25:27 / Allies) BRUCEWILLISUSA: FUCK NO JACKING OFF
(25:28 / Allies) BRUCEWILLISUSA: HTI NOW
(25:36 / Allies) Nightplayer: lets go
(26:19 / Allies) BRUCEWILLISUSA: OUOR GUY IS AFK
(26:20 / Allies) BRUCEWILLISUSA: USE HIM
(26:27 / Allies) Nightplayer: who si afk lol
(26:55 / Allies) Nightplayer: go together lol
(26:57 / Allies) sombra93: i need expo
(26:58 / Allies) sombra93: no mine
(27:19 / Allies) BRUCEWILLISUSA: ORC
(27:20 / Allies) BRUCEWILLISUSA: SHARE CONTROL
(27:22 / Allies) BRUCEWILLISUSA: SO IC CAN BAT HIS BATS
(27:26 / Allies) 25N0: I KNOW HOW TO PLAY
(27:36 / Allies) BRUCEWILLISUSA: ABT HTOSE
(27:37 / Allies) BRUCEWILLISUSA: FFS
(27:58 / Allies) sombra93: gold plz
(28:00 / Allies) sombra93: for expo
(28:00 / All) ME_MASS_BATS:
(28:01 / Allies) BRUCEWILLISUSA: NOT TIL U BAT THOSE BATS
(28:16 / Allies) sombra93: what u want me do
(28:32 / All) rocketo: Green wtf
(29:10 / All) 25N0: leave my game
(29:42 / Allies) BRUCEWILLISUSA: NO SUICIDE
(29:55 / All) ME_MASS_BATS: pouwned
(30:04 / All) 25N0: u suck bitches
(30:05 / Allies) sombra93: fuck u
(30:08 / Allies) sombra93: asked for gold
(30:11 / All) ME_MASS_BATS: rage noob
(30:13 / Allies) sombra93: and noone helped
(30:14 / Allies) BRUCEWILLISUSA: L;EARN TO EXPO RETARD
(30:15 / Allies) sombra93: i need expo
(30:26 / Allies) sombra93: they destroyed both expos asshole
(30:53 / Allies) BRUCEWILLISUSA: RIDDLE ME THIS 25N0
(30:57 / Allies) BRUCEWILLISUSA: HOW MANY UNITS DID HE CONCOCT
(30:59 / Allies) BRUCEWILLISUSA: AND HOW MANY DID U GET
(31:00 / All) rocketo: gg we lost
(31:02 / Allies) BRUCEWILLISUSA: 120 TO 25?
(31:08 / All) 25N0: gg die
(32:07 / All) 25N0: leave myg ame